 Dungeon Crawl Stone Soup version 0.31-a0-986-g5e6e4ef867 (webtiles) character file.

Game seed: 13056620567176457953

93 avis the Ducker (level 4, 21/21 HPs)
             Began as a Felid Shapeshifter on Nov 21, 2023.
             Got out of the dungeon alive.
             The game lasted 00:10:21 (1913 turns).

avis the Ducker (Felid Shapeshifter)                Turns: 1913, Time: 00:10:21

Health: 21/21      AC:  1    Str: 10    XL:     4   Next: 36%
Magic:  5/5        EV: 24    Int: 11    God:
Gold:   175        SH:  0    Dex: 17    Spells: 2/3 levels left
                                        Lives:  1   Deaths: 1

rFire   . .          .
                       - Unarmed
rCold   . . .        (shield unavailable)
rNeg    . . .        (body armour unavailable)
rPois   .            (helmet unavailable)
rElec   .            (cloak unavailable)
rCorr   .            (gloves unavailable)
SInv    +            (boots unavailable)
Will    .....        (no amulet)
Stlth   ++           o - +5 ring of evasion
HPRegen 0.23/turn    (no ring)
MPRegen 0.09/turn

%: no passive effects
@: beast-form, quick
A: beast (slay +2), very small, claws 1, fangs 3, see invisible, speed 1, shaggy
fur 1, stealthy paws, no weapons or thrown items, no armour, multi-lived
a: Begin Untransformation


You escaped.
You were a hulking beast.
You visited 1 branch of the dungeon, and saw 3 of its levels.

You collected 175 gold pieces.

Inventory:

Missiles
 j - 36 stones
Jewellery
 o - a +5 ring of evasion (left paw)
Talismans
 b - a beast talisman
 f - a flux talisman
 m - a maw talisman
Wands
 n - a wand of quicksilver (4)
Scrolls
 c - 2 scrolls of enchant weapon {unknown}
 d - a scroll of silence {unknown}
 h - a scroll of summoning {unknown}
 l - a scroll of fear {unknown}
 t - a scroll of poison {unknown}
Potions
 a - a potion of lignification
 e - a potion of berserk rage {unknown}
 g - a potion of cancellation {unknown}
 i - a potion of haste {unknown}
 k - a potion of mutation {unknown}
 p - a potion of curing {unknown}
 q - 2 potions of degeneration {unknown}
 r - a potion of heal wounds {unknown}
 s - 2 potions of brilliance {unknown}


   Skills:
 - Level 3.0 Fighting
 * Level 4.6 Dodging
 - Level 3.0 Unarmed Combat
 - Level 3.5 Shapeshifting


You had 2 spell levels left.
You knew the following spells:

 Your Spells              Type           Power      Damage    Failure   Level
a - Sandblast             Erth           0%         2d4       34%         1

Your spell library contained the following spells:

 Spells                   Type           Power      Damage    Failure   Level
 Magic Dart               Conj           0%         1d3       34%         1
 Call Imp                 Summ           0%         N/A       47%         2
 Passwall                 Tmut/Erth      0%         N/A       47%         2
 Mephitic Cloud           Conj/Pois/Air  0%         N/A       71%         3
 Stone Arrow              Conj/Erth      0%         3d7       71%         3
 Brom's Barrelling Bould  Conj/Erth      0%         2d3       98%         4


Dungeon Overview and Level Annotations

Branches:
Dungeon (3/15)

Altars:
Elyvilon
Wu Jian
Yredelemnul
Zin

Shops:
D:1 [


Innate Abilities, Weirdness & Mutations

You are a hulking beast.
Your limbs bulge with bestial killing power. (Slay +2)
You have sharp claws.
You have razor-sharp teeth.
You have supernaturally acute eyesight. (SInv)
You cover ground quickly. (Speed+)
You are covered in fur. (AC +1)
Your paws help you pounce on unaware monsters.
You are incapable of wielding weapons or throwing items.
You cannot wear armour.
You gain extra lives every three experience levels.


Message History

The orc priest is lightly wounded.
Casting: Sandblast (safe; 34% risk of failure)
Confirm with . or Enter, or press ? or * to list all spells.
Aiming: Sandblast (safe; 34% risk of failure)
Press: ? - help, Shift-Dir - straight line, f - orc priest
Aim: an orc priest, wielding a +0 flail and wearing a +0 scale mail (lightly wounded, 83% to hit)
The blast of sand hits the orc but does no damage.
The orc closely misses you.
Casting: Sandblast (safe; 34% risk of failure)
Confirm with . or Enter, or press ? or * to list all spells.
Aiming: Sandblast (safe; 34% risk of failure)
Press: ? - help, Shift-Dir - straight line, f/p - orc priest
Aim: an orc priest, wielding a +0 flail and wearing a +0 scale mail (lightly wounded, 83% to hit)
The blast of sand hits the orc but does no damage.
The orc completely misses you.
You closely miss the orc. The orc completely misses you.
You barely miss the orc. The orc completely misses you.
You closely miss the orc. The orc misses you.
The orc priest invokes the aid of Beogh against you.
Beogh smites you!
Ouch! That really hurt!
You die...
Your shape twists and changes as you die.
You rejoin the land of the living...
What level of the Dungeon? (default 2, ? - help)
An orc is nearby!
There is a stone staircase leading down here.
There is a stone staircase leading up here.
You climb upwards.
There is a stone staircase leading down here.
What level of the Dungeon? (default 3, ? - help)
There is an open door here.
There is an open door here.
You see here a +0 robe.
There is a stone staircase leading up here.
You climb upwards.
There is a stone staircase leading down here.
There is an open gate here.
There is a staircase leading out of the dungeon here.
You have escaped!

######################
#>...................#
#.###.......#..#####.#####
#.###.##'''##..#####).....
#...#.#.....#.....#######.
###.#.#..h..#.###.## #.
#.#.#.....#.# #..## #.
#...#.....#.# ##..# #.
#...##'''##.# ##.#####.
#####.#.........# #.....##
#.....########### #####..#
#.###.# ##.. #.# ### ##.
#.############# ##


There were no monsters in sight!

Vanquished Creatures
  Jessica (D:3)
  3 adders (D:3)
  2 worms
  An orc (D:3)
  4 bats
  An endoplasm (D:3)
  A giant cockroach (D:1)
  A goblin (D:1)
  2 hobgoblins
  3 jackals (D:3)
  3 quokkas
  4 ball pythons
  3 kobolds
  4 rats
33 creatures vanquished.

Notes
Turn   | Place    | Note
-------+----------+-------------------------------------------
     0 | D:1      | avis the Felid Shapeshifter began the quest for the Orb.
     0 | D:1      | Reached XP level 1. HP: 9/9 MP: 2/2
   305 | D:1      | Reached XP level 2. HP: 13/13 MP: 3/3
   328 | D:1      | Found Qucoc's Antique Armour Shop.
   440 | D:1      | Learned a level 1 spell: Sandblast
   911 | D:2      | Found an ornate altar of the Wu Jian Council.
   963 | D:2      | Identified the +3 robe of Exclusion {rPois Str-3 Dex+2}
  1410 | D:3      | Reached XP level 3. HP: 13/16 MP: 2/4
  1463 | D:3      | Found a glowing silver altar of Zin.
  1562 | D:3      | Found a white marble altar of Elyvilon.
  1628 | D:3      | Reached skill level 3 in Dodging
  1662 | D:3      | Noticed Jessica
  1667 | D:3      | Killed Jessica
  1668 | D:3      | Reached skill level 4 in Dodging
  1668 | D:3      | Reached XP level 4. HP: 21/21 MP: 3/5
  1707 | D:3      | Found a basalt altar of Yredelemnul.
  1838 | D:3      | Killed from afar by an orc priest
  1913 | D:$      | Got out of the dungeon alive.

Illustrated notes

Levels and vault maps discovered:
D:1:      dpeg_arrival_windows_large_door, layout_basic, serial_shops,
          nicolae_shop_crystal
D:2:      layout_basic, basic_altar
D:3:      layout_basic, kennysheep_ying_yang, mainiacjoe_overflow_boulevard,
          minmay_misc_feat_rugged, nicolae_figureground_pulse, uniq_jessica

Skill      XL: |  1  2  3 |
---------------+----------+-----
Fighting       | 2 3 |  3.0
Dodging        | 4 |  4.6
Unarmed Combat | |  3.0
Shapeshifting  | |  3.5

Action                     |  1- 3 |  4- 6 || total
---------------------------+-------+-------++-------
  Melee: Unarmed           |    60 |    31 ||    91
         Bite              |     4 |     2 ||     6
         Punch             |     1 |       ||     1
   Cast: Sandblast         |     6 |     2 ||     8
   Stab: Sleeping          |     2 |       ||     2
 Armour: Skin              |    14 |     2 ||    16
  Dodge: Dodged            |    42 |    26 ||    68

Table legend: (Time is in decaauts)
 A = Elapsed time spent in this place.
 B = Non-inter-level travel time spent in this place.
 C = Inter-level travel time spent in this place.
 D = Time resting spent in this place.
 E = Time spent auto-exploring this place.
 F = Levels seen in this place.
 G = Mean time per level.
                   A        B        C        D        E       F      G
               +--------+--------+--------+--------+--------+-----+--------+
         Total |   1596 |   1393 |    203 |     89 |    785 |   3 |  532.0 |
       Dungeon |   1596 |   1393 |    203 |     89 |    785 |   3 |  532.0 |
               +--------+--------+--------+--------+--------+-----+--------+

Top non-repeatable levels by time:
     D:2: 577 daAuts
     D:1: 518 daAuts
     D:3: 500 daAuts
